 Dungeon Sprint DCSS version 0.31.0-11-ge490571c62 (webtiles) character file.

Game seed: 1563100736810038892

1100000 DeltaZero the Wrestler (level 12, -2/96 HPs)
             Began as a Tengu Berserker on Feb 9, 2024.
             Was a Priest of Trog.
             Slain by a meat berserker
             ... wielding a +9 battleaxe
              (80 damage)
             ... in the Dungeon (Sprint VIII: "Arena of Blood").
             The game lasted 00:01:05 (11 turns).

DeltaZero the Wrestler (Tengu Berserker)              Turns: 11, Time: 00:01:06

Health: -2/96      AC:  3    Str: 19    XL:     12   Next: 80%
Magic:  13/13      EV: 23    Int:  8    God:    Trog [***...]
Gold:   0          SH:  0    Dex: 17    Spells: 11/11 levels left

rFire   . . .        h - +∞ Axe of Woe
rCold   . . .        (shield currently unavailable)
rNeg    . . .        a - +0 animal skin
rPois   .            (helmet restricted)
rElec   .            (no cloak)
rCorr   .            (no gloves)
SInv    .            (boots unavailable)
Will    .....        (no amulet)
Stlth   ++           i - +30 ring of slaying
HPRegen 0.36/turn    (no ring)
MPRegen 0.13/turn

%: no teleportation, acrobat
@: flying
A: beak, talons 3, evasive flight, acrobatic
a: Renounce Religion, Berserk, Trog's Hand


You were in the Dungeon.
You worshipped Trog.
Trog was most pleased with you.
You visited 1 branch

Inventory:

Hand Weapons
 h - the +∞ Axe of Woe (weapon)
   (You found it in the Dungeon)
Armour
 a - a +0 animal skin (worn)
Jewellery
 i - a +30 ring of slaying (left hand)
Scrolls
 g - a scroll of blinking
Potions
 b - a potion of curing
 c - a potion of heal wounds
 d - a potion of haste
 e - 2 potions of magic
 f - a potion of berserk rage


   Skills:
 + Level 19.9 Fighting
 + Level 6.4 Axes
 + Level 12.4 Armour
 + Level 12.3 Dodging
 + Level 21.7 Unarmed Combat


You had 11 spell levels left.
You didn't know any spells.
Your spell library was empty.

Dungeon Overview and Level Annotations

Branches:
Dungeon (1/1)

Altars:
Makhleb


Innate Abilities, Weirdness & Mutations

You have a beak for a mouth.
You have claws for feet.
Your magical flight helps you evade attacks. (EV +4)
You can magically evade attacks while moving or waiting.


Message History

The bag of meat shouts! x2; The meat berserker shouts!
You hear a shout!
A meat berserker comes into view. It is wielding a +9 battleaxe.
The bag of meat hits you with a +9 war axe!!
A bag of meat comes into view. It is wielding a +9 war axe.
Things that are here:
a +9 war axe; a +30 ring of slaying The bag of meat shouts! x2
You slash the bag of meat!
You pulverise the bag of meat into a thin bloody mist.
You kill the bag of meat!
Trog accepts your kill.
The meat berserker appears out of thin air!
A meat berserker comes into view. It is wielding a +9 battleaxe.
The meat berserker shouts!
The meat berserker rages.
A meat berserker comes into view. It is wielding a +9 battleaxe.
A bag of meat comes into view. It is wielding a +9 war axe. x2
Your Fighting skill increases to level 19!
Your Axes skill increases to level 6!
Your Armour skill increases to level 12!
Your Dodging skill increases to level 12!
Your Unarmed Combat skill increases to level 21!
i - a +30 ring of slaying The bag of meat appears out of thin air!
A bag of meat comes into view. It is wielding a +9 war axe.
The bag of meat shouts! x2
i - a +30 ring of slaying (left hand)
The meat berserker appears out of thin air!
A meat berserker comes into view. It is wielding a +9 battleaxe.
The meat berserker shouts!
You hear a shout!
You slash the meat berserker!
You fatally mangle the meat berserker.
You kill the meat berserker!
Trog accepts your kill.
You slash the bag of meat!
You fatally mangle the bag of meat.
You kill the bag of meat!
Trog accepts your kill.
The meat berserker rages.
The meat berserker hits you with a +9 battleaxe!!!!
Ouch! That really hurt!
You die...

..............
....o........
.......O....
.........o.
.....o....
#....o..#
#....O).# ..
.###....)@.###...
......###.)..O...
......_......o..
..#.....#......
#_.<._#o..o..
#O....#......
....._.........
......###........
.###.. ...###...


You could see 4 meat berserkers and 7 bags of meat.

Vanquished Creatures
  An ogre (D)
  4 orcs (D)
5 creatures vanquished.

Notes
Turn   | Place    | Note
-------+----------+-------------------------------------------
     0 | D        | Found the +∞ Axe of Woe
     0 | D        | DeltaZero the Tengu Berserker began the quest for the Orb.
     0 | D        | Reached XP level 1. HP: 14/14 MP: 2/2
     2 | D        | Noticed a bag of meat
     4 | D        | Noticed a bag of meat
     5 | D        | Noticed a bag of meat
     5 | D        | Noticed a bag of meat
     6 | D        | Killed a bag of meat
     6 | D        | Killed a bag of meat
     6 | D        | Reached ** piety under Trog
     6 | D        | Noticed a bag of meat
     6 | D        | Noticed a bag of meat
     7 | D        | Reached skill level 5 in Axes
     7 | D        | Reached skill level 20 in Unarmed Combat
     7 | D        | Reached XP level 2. HP: 39/39 MP: 3/3
     7 | D        | Reached XP level 3. HP: 44/44 MP: 4/4
     7 | D        | Reached XP level 4. HP: 50/50 MP: 5/5
     7 | D        | Reached XP level 5. HP: 55/55 MP: 6/6
     7 | D        | Reached XP level 6. HP: 60/60 MP: 7/7
     7 | D        | Gained mutation: Your magical flight helps you evade
                  | attacks. (EV +4) [Tengu growth]
     7 | D        | Reached XP level 7. HP: 66/66 MP: 8/8
     7 | D        | Reached XP level 8. HP: 72/72 MP: 9/9
     7 | D        | Reached XP level 9. HP: 76/76 MP: 10/10
     7 | D        | Reached XP level 10. HP: 83/83 MP: 11/11
     7 | D        | Reached XP level 11. HP: 88/88 MP: 12/12
     7 | D        | Reached XP level 12. HP: 93/93 MP: 13/13
     7 | D        | Noticed a bag of meat
     7 | D        | Noticed a meat berserker
     7 | D        | Noticed a meat berserker
     7 | D        | Noticed a bag of meat
     8 | D        | Killed a bag of meat
     8 | D        | Noticed a meat berserker
     8 | D        | Noticed a meat berserker
     8 | D        | Noticed a bag of meat
     8 | D        | Noticed a bag of meat
     9 | D        | Reached skill level 21 in Unarmed Combat
     9 | D        | Noticed a bag of meat
    10 | D        | Noticed a meat berserker
    11 | D        | Killed a meat berserker
    11 | D        | Killed a bag of meat
    11 | D        | Reached *** piety under Trog
    11 | D        | Slain by a meat berserker

Illustrated notes

Levels and vault maps discovered:
D:        meatsprint

Skill      XL: |  1  2  3  4  5  6  7  8  9 10 11 12 |
---------------+-------------------------------------+-----
Fighting       | 18 19 | 19.9
Axes           | 5 6 |  6.4
Armour         | 11 12 | 12.4
Dodging        | 11 12 | 12.3
Unarmed Combat | 20 21 | 21.7

Action                     |  1- 3 |  4- 6 |  7- 9 | 10-12 || total
---------------------------+-------+-------+-------+-------++-------
  Melee: Executioner's axe |     1 |       |       |     2 ||     3
 Armour: Animal skin       |       |       |       |     2 ||     2
